 Dungeon Sprint DCSS version 0.30-a0-862-g1aabd4f9c5 (webtiles) character file.

Game seed: 6493655435789706243

26 Demosthentine the Shield-Bearer (level 3, -12/31 HPs)
             Began as a Formicid Fighter on Mar 9, 2023.
             Mangled by a water elemental (13 damage)
             ... in the Dungeon (Sprint III: "The Ten Rune Challenge").
             The game lasted 00:00:42 (149 turns).

Demosthentine the Shield-Bearer (Formicid Fighter)   Turns: 149, Time: 00:00:43

Health: -12/31     AC:  7    Str: 22    XL:     3   Next: 22%
Magic:  3/3        EV: 10    Int:  7    God:
Gold:   33         SH:  5    Dex: 13    Spells: 2/2 levels left

rFire   . . .      SeeInvis +    a - +0 flail
rCold   . . .      Faith    .    c - +0 buckler
rNeg    . . .      Spirit   .    b - +0 scale mail
rPois   .          Reflect  .    (helmet unavailable)
rElec   .          Rampage  .    (no cloak)
rCorr   .                        (no gloves)
Will    .....                    (no boots) Stlth
                                 (no amulet)
HPRegen 0.25/turn                (no ring)
MPRegen 0.08/turn                (no ring)

@: engulfed (cannot breathe)
A: permanent stasis, dig shafts and tunnels, antennae 3, four strong arms
a: Dig


You were in the Dungeon.
You visited 1 branch You collected 33 gold pieces.

Inventory:

Hand Weapons
 a - a +0 flail (weapon)
Armour
 b - a +0 scale mail (worn)
 c - a +0 buckler (worn)
Scrolls
 h - a scroll of blinking
 i - 3 scrolls of identify
 j - a scroll of immolation {unknown}
 k - a scroll of vulnerability {unknown}
 m - a scroll of torment {unknown}
Potions
 d - a potion of might
 e - 2 potions of curing
 f - a potion of heal wounds
 g - 2 potions of magic
 l - a potion of lignification {unknown}
 n - 2 potions of flight
 o - 5 potions of mutation


   Skills:
 + Level 4.3 Fighting
 + Level 3.2 Maces & Flails
 + Level 4.3 Armour
 + Level 2.0 Dodging
 + Level 5.2 Shields


You had 2 spell levels left.
You didn't know any spells.
Your spell library was empty.

Dungeon Overview and Level Annotations

Branches:
Dungeon (1/1)

Altars:


Innate Abilities, Weirdness & Mutations

You cannot be hasted, slowed, berserked, paralysed or teleported.
You can dig through walls and to a lower floor.
You have a pair of large antennae on your head. (SInv)
Your four strong arms can wield two-handed weapons with a shield.


Message History

n - 2 potions of flight
Things that are here:
2 potions of mutation; 2 potions of mutation
o - 2 potions of mutation;
o - 4 potions of mutation (gained 2)
o - 5 potions of mutation (gained 1)
There is an open door here.
As you open the door, it creaks loudly!
A water elemental comes into view.
Unknown command.
You sock the water elemental!
The water elemental is moderately damaged.
The water elemental barely misses you. You block the water elemental's attack.
You barely miss the water elemental.
The water elemental is moderately damaged.
You block the water elemental's attack.
You hit the water elemental but do no damage.
The water elemental is moderately damaged.
The water elemental barely misses you.
You barely miss the water elemental.
The water elemental is moderately damaged.
The water elemental hits you!
The water elemental engulfs you in water!
The water elemental misses you.
You barely miss the water elemental.
The water elemental is moderately damaged.
Your lungs strain for air!
The water elemental closely misses you.
You hit the water elemental.
The water elemental is heavily damaged.
* * * LOW HITPOINT WARNING * * *
Your lungs strain for air!
The water elemental hits you.
You are too injured to fight recklessly!
You are too injured to fight recklessly!
You hit the water elemental but do no damage.
The water elemental is moderately damaged.
* * * LOW HITPOINT WARNING * * *
Your lungs strain for air!
The water elemental hits you!
You die...

▓▓▓▓▓▓▓▓ ▓▓▓ <..#...####
##.# ...#......#####..#
..##...†...#..#..#{
##.##.##...#..#..# #+#+#
##.##.###..##'#..#......
#.####.##..###..@E.⌠....
.###..##.†####...#...###
#..†..##..###....# ⌠.#
###..##...##.....# .#
##..##....#......# #
#..###..##.#.....# {{
#[.# #..#####....# {
▓▓▓▓ ▓▓▓▓ ▓▓▓▓▓▓ { {{ {


You could see a water elemental.

Vanquished Creatures
  A human (D)
  A phantom (D)
  An endoplasm (D)
  3 rats (D)
6 creatures vanquished.

Notes
Turn   | Place    | Note
-------+----------+-------------------------------------------
     0 | D        | Demosthentine the Formicid Fighter began the quest for the
                  | Orb.
     0 | D        | Reached XP level 1. HP: 18/18 MP: 1/1
    68 | D        | Reached skill level 1 in Dodging
    68 | D        | Reached XP level 2. HP: 20/25 MP: 2/2
    85 | D        | Reached skill level 5 in Shields
    85 | D        | Reached XP level 3. HP: 23/31 MP: 3/3
   141 | D        | Noticed a water elemental
   149 | D        | HP: 1/31 [drowned by a water elemental (9)]
   149 | D        | Mangled by a water elemental

Illustrated notes

Levels and vault maps discovered:
D:        dungeon_sprint_mu [sprint_mu_entry_cave, sprint_mu_temple_rooms,
          sprint_mu_d1_horrors, sprint_mu_d2_genie, sprint_mu_d3_branching,
          sprint_mu_orc_legion, sprint_mu_elf_gauntlet, sprint_mu_hive_nellie,
          sprint_mu_lair_fedhas, sprint_mu_vaults_butterflies,
          sprint_mu_slime_circle, sprint_mu_swamp_cave, sprint_mu_snake_twists,
          sprint_mu_blade_basic, sprint_mu_crypt_lich, sprint_mu_tomb_spiral,
          sprint_mu_vestibule_basic, sprint_mu_gehenna_hellfire,
          sprint_mu_dis_giant, sprint_mu_tartarus_statrot,
          sprint_mu_cocytus_islands, sprint_mu_zot1]

Skill      XL: |  1  2 |
---------------+-------+-----
Dodging        | 1 2 |  2.0
Fighting       | 4 |  4.3
Maces & Flails | 3 |  3.2
Armour         | 4 |  4.3
Shields        | 5 |  5.2

Action                     || total
---------------------------++-------
  Melee: Flail             ||    40
 Armour: Scale mail        ||    15
  Dodge: Dodged            ||    13
  Block: Buckler           ||    12

Table legend: (Time is in decaauts)
 A = Elapsed time spent in this place.
 B = Non-inter-level travel time spent in this place.
 C = Inter-level travel time spent in this place.
 D = Time resting spent in this place.
 E = Time spent auto-exploring this place.
 F = Levels seen in this place.
 G = Mean time per level.
                   A        B        C        D        E       F      G
               +--------+--------+--------+--------+--------+-----+--------+
         Total |    161 |    161 |      0 |     25 |     34 |   1 |  161.0 |
       Dungeon |    161 |    161 |      0 |     25 |     34 |   1 |  161.0 |
               +--------+--------+--------+--------+--------+-----+--------+

Top non-repeatable levels by time:
       D: 161 daAuts
